 Dungeon Crawl Stone Soup version 0.27-a0-1595-g0b823d0a13 (webtiles) character file.

Game seed: 18445019045356749501

74 SkeletonJelly the Skirmisher (level 4, -5/40 HPs)
             Began as a Draconian Fighter on July 20, 2021.
             Slain by an iguana (11 damage)
             ... on level 2 of the Dungeon.
             The game lasted 00:02:53 (2278 turns).

SkeletonJelly the Skirmisher (Draconian Fighter)    Turns: 2278, Time: 00:02:53

Health: -5/40      AC:  5    Str: 20    XL:     4   Next: 9%
Magic:  4/4        EV: 10    Int:  8    God:
Gold:   70         SH:  9    Dex: 10    Spells: 3/3 levels left

rFire    . . .     SeeInvis .   a - +0 war axe
rCold    . . .     Faith    .   b - +0 kite shield
rNeg     . . .     Spirit   .   (armour unavailable)
rPois    .         Reflect  .   (helmet restricted)
rElec    .         Harm     .   (no cloak)
rCorr    .         Rampage  .   (no gloves)
Will     .....                  (no boots)
Stlth    +.........             (no amulet)
HPRegen  0.13/turn              (no ring)
MPRegen  0.09/turn              (no ring)

@: no status effects
A: AC +5, unfitting armour, cold-blooded
a: no special abilities


You were on level 2 of the Dungeon.
You visited 1 branch of the dungeon, and saw 3 of its levels.

You collected 70 gold pieces.

Inventory:

Hand Weapons
 a - a +0 war axe (weapon)
Armour
 b - a +0 kite shield (worn)
Wands
 m - a wand of flame (9)
Scrolls
 d - a scroll of noise {unknown}
 h - a scroll of identify {unknown}
 i - a scroll of holy word {unknown}
 k - 2 scrolls of teleportation {unknown}
 l - a scroll of enchant weapon {unknown}
 o - a scroll of vulnerability {unknown}
Potions
 c - 2 potions of might
 e - a potion of berserk rage {unknown}
 g - 3 potions of curing {unknown}
 j - a potion of flight {unknown}
 n - a potion of lignification {unknown}


   Skills:
 + Level 4.1 Fighting
 * Level 3.8 Axes
 - Level 2.6 Dodging
 - Level 3.0 Shields


You had 3 spell levels left.
You didn't know any spells.
Your spell library was empty.

Dungeon Overview and Level Annotations

Branches:
Dungeon (3/15)

Altars:


Innate Abilities, Weirdness & Mutations

Your plain brown scales are hard. (AC +5)
You cannot fit into any form of body armour.
You are cold-blooded and may be slowed by cold attacks.


Message History

You closely miss the goblin.
Your tail-slap misses the goblin.
The goblin barely misses you. The goblin hits you but does no damage.
You slash the goblin!
You kill the goblin!
No target in view!
No target in view!
No target in view!
No target in view!
A goblin comes into view. It is wielding a +0 club.
You regained 6 hp, and now have 35/40 hp.
A goblin is nearby!
A goblin is nearby!
A goblin is nearby!
A goblin is nearby!
Found a stone staircase leading down.
o - a scroll labelled UTHEIMMONU
Things that are here:
a +0 dagger; a goblin corpse
Found a helmet.
The goblin shouts!
You barely miss the goblin. The goblin barely misses you.
You slash the goblin!
You kill the goblin!
No target in view!
No target in view!
No target in view!
No target in view!
No target in view!
HP restored.
Things that are here:
a +0 club; a +0 trident; an orc corpse; Health restored: 40
There is a stone staircase leading down here.
Key pressed, stopping explore.
Key pressed, stopping explore.
Key pressed, stopping explore.
An iguana comes into view.
An iguana is nearby!
You barely miss the iguana. The iguana bites you!
You take 12 damage, and have 28/40 hp.
MASSIVE DAMAGE!!
You hit the iguana but do no damage.
You tail-slap the iguana, but do no damage.
The iguana closely misses you. The iguana bites you.
You take 5 damage, and have 23/40 hp.
You barely miss the iguana. The iguana bites you!
You take 8 damage, and have 15/40 hp.
You are too injured to fight recklessly!
You are too injured to fight recklessly!
You are too injured to fight recklessly!
You are too injured to fight recklessly!
Throw: 4 darts (atropa)
Press: ? - help, Q - select action, (/) - cycle Shift-Dir - straight line, f - iguana
Aim: an iguana (61% to hit, chance to blind on hit: 75%)
You throw an atropa-tipped dart. The atropa-tipped dart hits the iguana.
The iguana appears confused.
The iguana closely misses you.
You slash the iguana!
Your tail-slap misses the iguana.
The iguana is heavily wounded.
The iguana seems less confused.
The iguana bites you but does no damage.
The iguana bites you!
* * * LOW HITPOINT WARNING * * *
You take 11 damage, and have 4/40 hp.
MASSIVE DAMAGE!!
The iguana is no longer blind.
Throw: 3 darts (atropa)
Press: ? - help, Q - select action, (/) - cycle Shift-Dir - straight line, f/p - iguana
Aim: an iguana (heavily wounded, 61% to hit, chance to blind on hit: 75%)
You throw an atropa-tipped dart. The atropa-tipped dart hits the iguana.
The iguana appears confused.
The iguana is heavily wounded.
The iguana seems less confused.
The iguana is no longer blind.
Throw: 2 darts (atropa)
Press: ? - help, Q - select action, (/) - cycle Shift-Dir - straight line, f/p - iguana
Aim: an iguana (moderately wounded, 61% to hit, chance to blind on hit: 75%)
You throw an atropa-tipped dart. The atropa-tipped dart hits the iguana.
The iguana appears confused.
The iguana is moderately wounded.
The iguana seems less confused.
You block the iguana's attack.
The iguana is no longer blind.
You see here a +0 club.
Throw: dart (atropa)
Press: ? - help, Q - select action, (/) - cycle Shift-Dir - straight line, f/p - iguana
Aim: an iguana (moderately wounded, 61% to hit, chance to blind on hit: 75%)
You throw an atropa-tipped dart. The atropa-tipped dart hits the iguana.
The iguana appears confused.
The iguana is moderately wounded.
The iguana seems less confused.
The iguana barely misses you. You block the iguana's attack.
Things that are here:
a +0 club; a +0 trident; an orc skeleton The iguana is no longer blind.
There is a stone staircase leading up here.
The iguana bites you.
* * * LOW HITPOINT WARNING * * *
You climb upwards.
There is a stone staircase leading down here.
You take 3 damage, and have 6/40 hp.
The iguana bites you!
You die...

#......#..........# #.#######
..##...#.........># #.......#
..#....#..........# #######.#
....#.##..........# #.#
.##.#.............# #.#
.......#..........#########.#
######.....[......##........#
.............).l>###.########
..#####..#.##.##@# #.# #.#
#.##.#.##.##.# #.###
#.###.##......##.# #...#
#.....###.######.# ###.####
####.......#####.### #....#
...+...............# ####.#
####........####.#.######.# #
#......#...............# #
#...(..#.###....########


You could see an iguana.

Vanquished Creatures
  2 adders (D:2)
  A worm (D:2)
  A dart slug (D:1)
  An orc (D:3)
  3 ball pythons
  4 endoplasms
  5 giant cockroaches
  6 goblins
  5 hobgoblins
  3 jackals (D:1)
  3 bats
  3 frilled lizards
  3 kobolds
  4 rats
44 creatures vanquished.

Notes
Turn   | Place    | Note
-------+----------+-------------------------------------------
     0 | D:1      | SkeletonJelly the Draconian Fighter began the quest for the
                  | Orb.
     0 | D:1      | Reached XP level 1. HP: 19/19 MP: 1/1
   393 | D:1      | Reached XP level 2. HP: 11/26 MP: 2/2
   624 | D:1      | Found a faded altar of an unknown god.
  1338 | D:2      | Reached XP level 3. HP: 33/33 MP: 3/3
  1896 | D:2      | Reached skill level 4 in Fighting
  2001 | D:2      | Reached XP level 4. HP: 40/40 MP: 4/4
  2278 | D:2      | Slain by an iguana

Illustrated notes

Levels and vault maps discovered:
D:1:      mainiacjoe_arrival_reflecting_pool, layout_basic,
          basic_ecumenical_altar
D:2:      minmay_wonky_spiral, layout_basic
D:3:      layout_loops_ring, gammafunk_ghost_icy

Skill      XL: |  1  2  3 |
---------------+----------+-----
Axes           | 3 |  3.8
Fighting       | 4 |  4.1
Dodging        | |  2.6
Shields        | |  3.0

Action                   |  1- 3 |  4- 6 || total
-------------------------+-------+-------++-------
Melee: War axe           |   107 |    13 ||   120
       Tailslap          |    10 |     1 ||    11
Throw: Dart              |     1 |     4 ||     5
 Stab: Sleeping          |     1 |       ||     1
Armor: Skin              |    36 |     3 ||    39
Dodge: Dodged            |    54 |     5 ||    59
Block: Kite shield       |    60 |     3 ||    63

Table legend: (Time is in decaauts)
 A = Elapsed time spent in this place.
 B = Non-inter-level travel time spent in this place.
 C = Inter-level travel time spent in this place.
 D = Time resting spent in this place.
 E = Time spent auto-exploring this place.
 F = Levels seen in this place.
 G = Mean time per level.
                   A        B        C        D        E       F      G
               +--------+--------+--------+--------+--------+-----+--------+
         Total |   2352 |   2249 |    103 |      0 |   1869 |   3 |  784.0 |
       Dungeon |   2352 |   2249 |    103 |      0 |   1869 |   3 |  784.0 |
               +--------+--------+--------+--------+--------+-----+--------+

Top non-repeatable levels by time:
     D:1: 1361 daAuts
     D:2: 772 daAuts
     D:3: 219 daAuts
